 Dungeon Sprint DCSS version 0.30-a0-881-g1ff12e1e11 (webtiles) character file.

Game seed: 2566949251379918522

1232 testman the Basher (level 8, -1/139 HPs)
             Began as a Troll Berserker on Mar 14, 2023.
             Was a Priest of Trog.
             Succumbed to Sonja's poison
             ... in the Dungeon (Sprint I: "Red Sonja").
             The game lasted 00:04:03 (328 turns).

testman the Basher (Troll Berserker)                 Turns: 328, Time: 00:04:03

Health: -1/139     AC:  4    Str: 28    XL:     8   Next: 24%
Magic:  7/7        EV: 12    Int:  3    God:    Trog [***...]
Gold:   405        SH:  0    Dex:  9    Spells: 7/7 levels left

rFire   . . .      SeeInvis .    j - +0 giant club
rCold   . . .      Faith    .    (shield currently unavailable)
rNeg    . . .      Spirit   .    b - +0 animal skin
rPois   .          Reflect  .    (helmet restricted)
rElec   .          Rampage  .    (no cloak)
rCorr   .          NoTele   +    (gloves unavailable)
Will    ++...                    (boots unavailable) Stlth
                                 (no amulet)
HPRegen 2.23/turn                (no ring)
MPRegen 0.10/turn                (no ring)

@: berserking, lethally poisoned (-1 -> -51), strong-willed, regenerating,
slowed
A: large, unfitting armour, claws 3, regeneration 1, shaggy fur 1, tough skin 1
a: Renounce Religion, Berserk, Trog's Hand


You were in the Dungeon.
You worshipped Trog.
Trog was most pleased with you.
You visited 1 branch You collected 405 gold pieces.

Inventory:

Hand Weapons
 a - a +0 mace
 j - a +0 giant club (weapon)
Armour
 b - a +0 animal skin (worn)
Wands
 i - a wand of flame (23)
 k - a wand of polymorph (11)
Scrolls
 h - a scroll of blinking
 l - 2 scrolls of amnesia {unknown}
 m - a scroll of enchant weapon {unknown}
Potions
 c - a potion of curing
 d - a potion of heal wounds
 e - a potion of haste
 f - 2 potions of magic
 g - a potion of berserk rage


   Skills:
 + Level 9.8 Fighting
 + Level 10.6 Maces & Flails
 + Level 8.2 Dodging


You had 7 spell levels left.
You didn't know any spells.
Your spell library was empty.

Dungeon Overview and Level Annotations

Branches:
Dungeon (1/1)

Altars:
Cheibriados
Dithmenos
Elyvilon
Fedhas
Gozag
Hepliaklqana
Kikubaaqudgha
Makhleb
Nemelex Xobeh
Okawaru
Qazlal
Ru
Sif Muna
Trog
Uskayaw
Vehumet
Wu Jian
Xom
Yredelemnul
Zin
The Shining One
Jiyva
Lugonu

Shops:
D :

Annotations:
D Sonja


Innate Abilities, Weirdness & Mutations

You are too large for most types of armour.
You have claws for hands.
Your natural rate of healing is unusually fast.
You are covered in fur. (AC +1)
You have tough skin. (AC +1)


Message History

You feel yourself moving faster!
You feel mighty!
You feel extremely sick.
Sonja hits you with a +2 dagger of venom!
You are more poisoned.
Sonja hits you but does no damage.
You are more poisoned.
Sonja hits you with a +2 dagger of venom!
Sonja hits you with a +2 dagger of venom.
You are more poisoned.
Sonja hits you with a +2 dagger of venom.
You are more poisoned.
Sonja hits you with a +2 dagger of venom.
You are more poisoned.
You completely miss Sonja.
You feel extremely sick.
Sonja hits you with a +2 dagger of venom!
Sonja hits you with a +2 dagger of venom.
You are more poisoned.
Sonja barely misses you.
Sonja hits you with a +2 dagger of venom.
You are more poisoned.
Sonja barely misses you. Sonja misses you.
You closely miss Sonja.
* * * LOW HITPOINT WARNING * * *
You feel extremely sick. Sonja barely misses you.
Sonja hits you with a +2 dagger of venom.
* * * LOW HITPOINT WARNING * * *
Sonja barely misses you.
You completely miss Sonja.
* * * LOW HITPOINT WARNING * * *
You feel extremely sick. Sonja misses you. Sonja hits you but does no damage.
You are more poisoned.
Sonja hits you with a +2 dagger of venom.
* * * LOW HITPOINT WARNING * * *
You are more poisoned.
Sonja casts a spell.
Sonja blinks!
You die...

##########################
#<.#..'..#.)'..#__#..)...#
#..)..#..'..#..'..'.)#...#
#..#####'#####'#__####...+
#..####..#...#)#### ####
#..#__####K.##.#
#..#_____##'#_.+
#⌠⌠#_.∩...†@.§_#
####_..__##_.#'#
#_____###'#.# #######
#.### $.$ $.$# ##.## #+#


You could see Sonja.

Vanquished Creatures
  2 kobold demonologists (D)
  A slime creature (D)
  Sigmund (D)
  A yak (D)
  A floating eye (D)
  An ogre (D)
  A jelly (D)
  Ijyb (D)
9 creatures vanquished.

Notes
Turn   | Place    | Note
-------+----------+-------------------------------------------
     0 | D        | testman the Troll Berserker began the quest for the Orb.
     0 | D        | Reached XP level 1. HP: 22/22 MP: 0/0
     1 | D        | Noticed Ijyb
    14 | D        | Killed Ijyb
    15 | D        | Reached skill level 4 in Maces & Flails
    15 | D        | Reached XP level 2. HP: 17/32 MP: 1/1
    61 | D        | Noticed an ogre
    66 | D        | Killed an ogre
    67 | D        | Reached skill level 5 in Fighting
    67 | D        | Reached skill level 6 in Maces & Flails
    67 | D        | Reached XP level 3. HP: 34/44 MP: 2/2
    67 | D        | Reached XP level 4. HP: 41/52 MP: 3/3
   119 | D        | Noticed Sigmund
   123 | D        | Killed Sigmund
   123 | D        | Reached ** piety under Trog
   124 | D        | Reached skill level 7 in Maces & Flails
   124 | D        | Reached XP level 5. HP: 57/62 MP: 4/4
   136 | D        | Found an ornate altar of the Wu Jian Council.
   136 | D        | Found a shimmering blue altar of Sif Muna.
   138 | D        | Found a radiant altar of Vehumet.
   141 | D        | Reached skill level 8 in Maces & Flails
   141 | D        | Reached XP level 6. HP: 71/71 MP: 5/5
   171 | D        | Found a burning altar of Makhleb.
   171 | D        | Found a viscous altar of Jiyva.
   171 | D        | Found a shimmering altar of Xom.
   171 | D        | Found a corrupted altar of Lugonu.
   171 | D        | Noticed a slime creature
   177 | D        | Killed a slime creature
   225 | D        | Found Teodwav's Book Emporium.
   225 | D        | Found an ancient bone altar of Kikubaaqudgha.
   225 | D        | Found a hazy altar of Hepliaklqana.
   225 | D        | Found a stormy altar of Qazlal.
   225 | D        | Found a hide-covered altar of Uskayaw.
   225 | D        | Found a blossoming altar of Fedhas.
   225 | D        | Found a bloodstained altar of Trog.
   225 | D        | Found an iron altar of Okawaru.
   225 | D        | Found a basalt altar of Yredelemnul.
   225 | D        | Found a glowing golden altar of the Shining One.
   225 | D        | Found a snail-covered altar of Cheibriados.
   225 | D        | Found a sacrificial altar of Ru.
   225 | D        | Found a glowing silver altar of Zin.
   225 | D        | Found a shadowy altar of Dithmenos.
   225 | D        | Found a white marble altar of Elyvilon.
   225 | D        | Noticed a yak
   231 | D        | Killed a yak
   232 | D        | Reached skill level 9 in Maces & Flails
   232 | D        | Reached XP level 7. HP: 71/81 MP: 6/6
   232 | D        | Found an opulent altar of Gozag.
   233 | D        | Found a sparkling altar of Nemelex Xobeh.
   277 | D        | Noticed a kobold demonologist
   277 | D        | Noticed a kobold demonologist
   288 | D        | Noticed a rust devil
   288 | D        | Killed a kobold demonologist
   288 | D        | Reached *** piety under Trog
   289 | D        | Reached skill level 10 in Maces & Flails
   291 | D        | Killed a kobold demonologist
   292 | D        | Reached XP level 8. HP: 93/93 MP: 7/7
   322 | D        | Noticed Sonja
   328 | D        | Succumbed to Sonja's poison

Illustrated notes

Levels and vault maps discovered:
D:        dungeon_sprint_1 [red_sonja_temple_1, red_sonja_temple_small_1]

Skill      XL: |  1  2  3  4  5  6  7 |
---------------+----------------------+-----
Fighting       | 4 5 7 8 9 |  9.8
Maces & Flails | 4 6 7 8 9 10 | 10.6
Dodging        | 4 6 8 |  8.2

Action                     |  1- 3 |  4- 6 |  7- 9 || total
---------------------------+-------+-------+-------++-------
  Melee: Mace              |    16 |       |       ||    16
         Giant club        |       |    13 |    15 ||    28
 Invoke: Berserk           |     2 |     2 |     2 ||     6
         Trog's Hand       |       |       |     2 ||     2
 Armour: Animal skin       |       |       |     4 ||     4
  Dodge: Dodged            |     5 |     5 |     9 ||    19

Table legend: (Time is in decaauts)
 A = Elapsed time spent in this place.
 B = Non-inter-level travel time spent in this place.
 C = Inter-level travel time spent in this place.
 D = Time resting spent in this place.
 E = Time spent auto-exploring this place.
 F = Levels seen in this place.
 G = Mean time per level.
                   A        B        C        D        E       F      G
               +--------+--------+--------+--------+--------+-----+--------+
         Total |    380 |    342 |     38 |    205 |      0 |   1 |  380.0 |
       Dungeon |    380 |    342 |     38 |    205 |      0 |   1 |  380.0 |
               +--------+--------+--------+--------+--------+-----+--------+

Top non-repeatable levels by time:
       D: 380 daAuts
